 Dungeon Crawl Stone Soup version 0.31-a0-986-g5e6e4ef867 (webtiles) character file.

Game seed: 14760264120992091496

401 sammy202020 the Ruffian (level 6, 0/47 HPs)
             Began as a Demonspawn Shapeshifter on Nov 9, 2023.
             Slain by an ice beast (13 damage)
             ... on level 5 of the Dungeon on Nov 10, 2023.
             The game lasted 00:04:32 (3953 turns).

sammy202020 the Ruffian (Demonspawn Shapeshifter)   Turns: 3953, Time: 00:04:32

Health: 0/47       AC: 16    Str: 16    XL:     6   Next: 54%
Magic:  6/6        EV: 10    Int: 12    God:
Gold:   336        SH:  0    Dex: 18    Spells: 5/5 levels left

rFire   . .          .
                       - Unarmed
rCold   . . .        (no shield)
rNeg    . . .        g - +1 scale mail
rPois   .            (helmet currently unavailable)
rElec   .            (cloak currently unavailable)
rCorr   .            (gloves currently unavailable)
SInv    .            (boots currently unavailable)
Will    .....        m - amulet of regeneration Stlth
                     f - +6 ring of dexterity
HPRegen 1.07/turn    (no ring)
MPRegen 0.20/turn

%: no passive effects
@: beast-form, sanguine armoured
A: beast (slay +2), magic regeneration, sanguine armour 2
a: Begin Untransformation


You were on level 5 of the Dungeon.
You were a hulking beast.
You visited 1 branch of the dungeon, and saw 5 of its levels.

You collected 336 gold pieces.

Inventory:

Armour
 a - a +0 animal skin
 e - a +0 helmet
 g - a +1 scale mail (worn)
 o - a +0 pair of gloves
Jewellery
 f - a +6 ring of dexterity (left hand)
 m - an amulet of regeneration (around neck)
Talismans
 c - a beast talisman
 d - a flux talisman
Wands
 h - a wand of mindburst (13)
Scrolls
 j - a scroll of fog
 l - a scroll of silence
Potions
 b - 2 potions of lignification
 i - 3 potions of heal wounds
 k - a potion of might
 p - a potion of haste {unknown}


   Skills:
 * Level 3.5 Fighting
 + Level 1.9 Armour
 + Level 2.8 Dodging
 * Level 4.0 Unarmed Combat
 * Level 3.8 Shapeshifting


You had 5 spell levels left.
You didn't know any spells.
Your spell library contained the following spells:

 Spells                   Type           Power      Damage    Failure   Level
 Call Canine Familiar     Summ           0%         N/A       98%         3
 Sigil of Binding         Hex            0%         N/A       98%         3
 Dimensional Bullseye     Hex/Tloc       0%         N/A       100%        4
 Leda's Liquefaction      Hex/Erth       0%         N/A       100%        4


Dungeon Overview and Level Annotations

Branches:
Dungeon (5/15)
 Temple: D:4-7

Altars:
Fedhas
Makhleb

Shops:
D:3 (


Innate Abilities, Weirdness & Mutations

You are a hulking beast.
Your limbs bulge with bestial killing power. (Slay +2)
You regenerate magic rapidly.
When seriously injured, your blood forms thick armour. (AC +9)


Message History

You punch the ice beast, but do no damage.
The ice beast is severely wounded.
Your blood armour dries and flakes away.
The ice beast hits you.
Your blood congeals into armour.
The ice beast freezes you!
You are too injured to fight recklessly!
You are too injured to fight recklessly!
You are too injured to fight recklessly!
You are too injured to fight recklessly!
You are too injured to fight recklessly!
You are too injured to fight recklessly!
You are too injured to fight recklessly!
You are too injured to fight recklessly!
You are too injured to fight recklessly!
You are too injured to fight recklessly!
You are too injured to fight recklessly!
You are too injured to fight recklessly!
You are too injured to fight recklessly!
You are too injured to fight recklessly!
You are too injured to fight recklessly!
You are too injured to fight recklessly!
You are too injured to fight recklessly!
You are too injured to fight recklessly!
You are too injured to fight recklessly!
You barely miss the ice beast.
The ice beast is severely wounded.
The ice beast barely misses you.
You barely miss the ice beast.
The ice beast is severely wounded.
The ice beast hits you. The ice beast freezes you!
* * * LOW HITPOINT WARNING * * *
You barely miss the ice beast.
The ice beast is severely wounded.
The ice beast hits you but does no damage.
You barely miss the ice beast.
The ice beast is severely wounded.
The ice beast hits you.
* * * LOW HITPOINT WARNING * * *
The ice beast freezes you!
You die...

### ### #.######## #..
..#......#
#.#####.##.###.#
#.#...#.##.# #.#
#.#.#.#.##.# #.#
######.#...#.##.###.#
#...Yh.$...#......#.#
#...............#.#.#
#.....#...#######.#.##
#..............(#.#...
##......#######.#.####
#....................
#.......##<.†....#...
#.......######.#....#
...#.#.##


You could see an ice beast.

Vanquished Creatures
  Sigmund (D:4)
  Ijyb (D:4)
  2 iguanas
  An orc wizard (D:4)
  A gnoll (D:1)
  4 adders
  A white imp (D:5)
  A worm (D:2)
  3 dart slugs
  4 orcs
  6 endoplasms
  2 giant cockroaches (D:4)
  10 goblins
  A hobgoblin (D:1)
  3 quokkas
  8 ball pythons
  5 bats
  2 frilled lizards (D:1)
  8 kobolds
  4 rats
68 creatures vanquished.

Notes
Turn   | Place    | Note
-------+----------+-------------------------------------------
     0 | D:1      | sammy202020 the Demonspawn Shapeshifter began the quest for
                  | the Orb.
     0 | D:1      | Reached XP level 1. HP: 15/15 MP: 1/1
    67 | D:1      | Gained mutation: When seriously injured, your blood forms
                  | armour. (AC +9) [demonic ancestry]
    67 | D:1      | Reached XP level 2. HP: 7/21 MP: 2/2
   531 | D:1      | Reached skill level 3 in Unarmed Combat
   596 | D:1      | Reached XP level 3. HP: 24/27 MP: 3/3
   798 | D:2      | Reached skill level 1 in Armour
   889 | D:2      | Found a faded altar of an unknown god.
  1105 | D:2      | Identified the +1 quarterstaff "Supt" {protect, Int+2}
  1135 | D:2      | Reached XP level 4. HP: 17/34 MP: 4/4
  2353 | D:3      | Found a burning altar of Makhleb.
  2356 | D:3      | Noticed a cacodemon
  2527 | D:3      | Found Ekhum's Antique Weapon Shop.
  2632 | D:3      | Noticed an angel
  2995 | D:4      | Noticed Ijyb
  3025 | D:4      | Killed Ijyb
  3026 | D:4      | Gained mutation: You regenerate magic rapidly. [demonic
                  | ancestry]
  3026 | D:4      | Reached XP level 5. HP: 5/39 MP: 5/5
  3286 | D:4      | Found a blossoming altar of Fedhas.
  3765 | D:4      | Noticed Sigmund
  3778 | D:4      | Killed Sigmund
  3779 | D:4      | Gained mutation: When seriously injured, your blood forms
                  | thick armour. (AC +9) [demonic ancestry]
  3779 | D:4      | Reached XP level 6. HP: 34/47 MP: 6/6
  3852 | D:5      | Entered Level 5 of the Dungeon
  3858 | D:5      | Reached skill level 4 in Unarmed Combat
  3936 | D:5      | Noticed an ice beast
  3953 | D:5      | Slain by an ice beast

Illustrated notes

Levels and vault maps discovered:
D:1:      tarquinn_simple_flora_water_f, layout_loops_ring
D:2:      layout_basic, nicolae_ecumenical_lake_church,
          minmay_fractal_squares_gapless_5
D:3:      layout_basic, grunt_temple_overflow_order_and_chaos_2, serial_shops,
          nicolae_shop_back_alley_shop, small_statue_intersection,
          nicolae_the_louvre
D:4:      layout_rooms, fedhas_altar_1, uniq_ijyb, uniq_sigmund
D:5:      black_bear_nest_2, layout_basic, nicolae_shop_i_like_small_books_too,
          kennysheep_donut

Skill      XL: |  1  2  3  4  5  6 |
---------------+-------------------+-----
Dodging        | 2 |  2.8
Unarmed Combat | 3 4 |  4.0
Shapeshifting  | 3 |  3.8
Fighting       | 2 3 |  3.5
Armour         | 1 |  1.9

Action                     |  1- 3 |  4- 6 || total
---------------------------+-------+-------++-------
  Melee: Unarmed           |   111 |   156 ||   267
         Punch             |     3 |     5 ||     8
    Use: Potion            |     5 |     4 ||     9
         Scroll            |     5 |     3 ||     8
   Stab: Sleeping          |     2 |       ||     2
 Armour: Animal skin       |    13 |       ||    13
         Leather armour    |    18 |       ||    18
         Scale mail        |    31 |   119 ||   150
  Dodge: Dodged            |    43 |    82 ||   125

Table legend: (Time is in decaauts)
 A = Elapsed time spent in this place.
 B = Non-inter-level travel time spent in this place.
 C = Inter-level travel time spent in this place.
 D = Time resting spent in this place.
 E = Time spent auto-exploring this place.
 F = Levels seen in this place.
 G = Mean time per level.
                   A        B        C        D        E       F      G
               +--------+--------+--------+--------+--------+-----+--------+
         Total |   3940 |   3868 |     72 |    640 |   2504 |   5 |  788.0 |
       Dungeon |   3940 |   3868 |     72 |    640 |   2504 |   5 |  788.0 |
               +--------+--------+--------+--------+--------+-----+--------+

Top non-repeatable levels by time:
     D:2: 1556 daAuts
     D:4: 882 daAuts
     D:3: 711 daAuts
     D:1: 691 daAuts
     D:5: 99 daAuts
